 Dungeon Crawl Stone Soup version 0.22.1-5-g62c59d919a (webtiles) character file.

245 Rediskos the Caller (level 5, 0/30 HPs)
             Began as a Deep Elf Summoner on Jan 16, 2019.
             Hit by a tomahawk thrown by an orc (6 damage)
             ... on level 4 of the Dungeon.
             The game lasted 00:16:55 (4355 turns).

Rediskos the Caller (Deep Elf Summoner)             Turns: 4355, Time: 00:16:56

Health: 0/30       AC:  3    Str:  5    XL:     5   Next: 84%
Magic:  7/14       EV: 13    Int: 21    God:
Gold:   190        SH:  0    Dex: 15    Spells: 4/13 levels left

rFire    . . .     SeeInvis .   a - +0 trident
rCold    . . .     Gourm    .   (no shield)
rNeg     . . .     Faith    .   p - +0 robe
rPois    .         Spirit   .   (no helmet)
rElec    .         Reflect  .   f - +0 cloak
rCorr    .         Harm     .   (no gloves)
MR       .....                  (no boots)
Stlth    ++........             (no amulet)
HPRegen  0.10/turn              (no ring)
MPRegen  0.14/turn              (no ring)

@: no status effects
A: no striking features
a: no special abilities


You were on level 4 of the Dungeon.
You were not hungry.

You visited 1 branch of the dungeon, and saw 4 of its levels.

You collected 190 gold pieces.

Inventory:

Hand Weapons
 a - a +0 trident (weapon)
 b - a +0 hunting sling
 e - a +0 dagger
Missiles
 s - 68 stones (quivered)
Armour
 f - a +0 cloak (worn)
 p - a +0 robe (worn)
 r - the +1 robe of Dim Light {rElec rN++ Int+4, unknown}
   (You found it on level 4 of the Dungeon)

   It affects your intelligence (+4).
   It insulates you from electricity.
   It greatly protects you from negative energy.
Wands
 m - a wand of flame (24)
 q - a wand of random effects (32)
Scrolls
 d - a scroll of identify {unknown}
 i - a scroll of amnesia
 j - a scroll of fear {unknown}
 k - a scroll of magic mapping
 t - a scroll of fog
 u - a scroll of teleportation {unknown}
 w - a scroll of remove curse {unknown}
Potions
 g - 2 potions of lignification {unknown}
 h - a potion of degeneration {unknown}
 l - 2 potions of curing {unknown}
 n - a potion of berserk rage {unknown}
 o - a potion of mutation {unknown}
 v - a potion of agility {unknown}
Comestibles
 c - 6 rations


   Skills:
 + Level 2.1 Fighting
 - Level 2.4 Dodging
 - Level 2.4 Stealth
 + Level 4.7 Spellcasting
 * Level 6.3 Summonings
 + Level 1.0 Air Magic


You had 4 spell levels left.
You knew the following spells:

 Your Spells              Type           Power        Failure   Level  Hunger
a - Call Imp              Summ           ####....     1%          2    #......
d - Summon Lightning Spi  Summ/Air       ###.....     26%         4    ####...
s - Call Canine Familiar  Summ           ####....     2%          3    ##.....

Your spell library contained the following spells:

 Spells                   Type           Power        Failure   Level  Hunger
 Summon Small Mammal      Summ           ####         1%          1    None
 Summon Guardian Golem    Hex/Summ       ###.....     10%         3    ##.....
 Summon Ice Beast         Ice/Summ       ###.....     30%         4    ####...


Dungeon Overview and Level Annotations

Branches:
Dungeon (4/15)
 Temple: D:4-7

Altars:
Uskayaw
The Shining One


Message History

The hound misses you.
The orc hits your crimson imp with a war axe!
Your crimson imp hits the orc.
Your hound bites the hound.
The hound dies!
Your Air Magic skill increases to level 1!
The orc barely misses your crimson imp. The orc hits your hound with a war axe.
Your crimson imp barely misses the orc.
An orc comes into view. It is wielding a hand axe.
Your hound barely misses the orc.
The orc misses your crimson imp. The orc hits your hound with a war axe.
Your crimson imp barely misses the orc.
Your hound bites the orc.
The orc dies!
An orc comes into view. It is wielding a short sword.
The orc shouts!
The orc throws a tomahawk.
The tomahawk hits you.
* * * LOW HITPOINT WARNING * * *
An orc comes into view. It is wielding a club.
You see here a tomahawk.
The orc throws a tomahawk.
The tomahawk hits you.
You die...

,,,,....,,,,..........#*
***,,...##**#..o.....#*
****#...###...o..)###
*****##..>..........†.#
,,,,##..............5.#
,,,,.........o...#+#..#
,,,,**#..........+_+..#
,,,<* ####.......#'#5.#
***** #......@h...##
#...........#
#........####
**#<.......#
#§..##.##### **#§####.#
*****...***#.#******
**,,>..#**,,...,,,,,*
,,,*###* *,,...,,,,,*


You could see 3 orcs, a friendly hound and a friendly crimson imp.

Vanquished Creatures
  2 orcs (D:3)
  A giant cockroach (D:3)
  2 jackals (D:3)
  A quokka (D:3)
  3 bats
  A rat (D:3)
10 creatures vanquished.

Vanquished Creatures (collateral kills)
  A hound (D:4)
  An orc priest (D:2)
  3 orc wizards
  Jessica (D:2)
  Terence (D:2)
  Natasha (D:2)
  5 adders
  4 oozes
  3 worms
  4 dart slugs
  8 leopard geckos
  4 orcs
  2 giant cockroaches
  7 goblins
  4 hobgoblins (D:1)
  8 jackals (D:3)
  11 kobolds
  2 quokkas (D:3)
  A ball python (D:1)
  8 bats
  9 rats
88 creatures vanquished.

Vanquished Creatures (others)
  An orc wizard (D:3)
  A plant (D:1)
2 creatures vanquished.

Grand Total: 100 creatures vanquished

Notes
Turn   | Place    | Note
-------+----------+-------------------------------------------
     0 | D:1      | Rediskos the Deep Elf Summoner began the quest for the Orb.
     0 | D:1      | Reached XP level 1. HP: 10/10 MP: 6/6
   259 | D:1      | Reached XP level 2. HP: 15/16 MP: 5/8
   277 | D:1      | Learned a level 2 spell: Call Imp
   951 | D:1      | Reached skill level 5 in Summonings
  1008 | D:1      | Reached XP level 3. HP: 20/20 MP: 9/9
  1238 | D:2      | Learned a level 3 spell: Call Canine Familiar
  1270 | D:2      | Reached skill level 1 in Fighting
  2012 | D:2      | Found a hide-covered altar of Uskayaw.
  2032 | D:2      | Noticed Jessica
  2043 | D:2      | Killed Jessica
  2043 | D:2      | Reached XP level 4. HP: 25/25 MP: 4/11
  2351 | D:2      | Noticed Natasha
  2360 | D:2      | Killed Natasha
  2485 | D:2      | Noticed Terence
  2505 | D:2      | Killed Terence
  2561 | D:2      | Reached XP level 5. HP: 29/30 MP: 13/13
  2567 | D:2      | Learned a level 4 spell: Summon Lightning Spire
  3097 | D:3      | Reached skill level 6 in Summonings
  4290 | D:4      | Got a distressingly furry robe
  4306 | D:4      | Found a glowing golden altar of the Shining One.
  4348 | D:4      | Reached skill level 1 in Air Magic
  4355 | D:4      | Hit by a tomahawk thrown by an orc

Skill      XL: |  1  2  3  4  5 |
---------------+----------------+-----
Summonings     | 5 6 |  6.3
Fighting       | 1 2 |  2.1
Spellcasting   | 4 |  4.7
Air Magic      | 1 |  1.0
Dodging        | |  2.4
Stealth        | |  2.4

Action                   |  1- 3 |  4- 6 || total
-------------------------+-------+-------++-------
Melee: Unarmed           |     3 |       ||     3
       Dagger            |    18 |     6 ||    24
       Trident           |       |    58 ||    58
 Fire: Hunting sling     |       |    18 ||    18
 Cast: Summon Small Mamm |    16 |       ||    16
       Call Imp          |    34 |    20 ||    54
       Call Canine Famil |     4 |    13 ||    17
  Use: Scroll            |       |     3 ||     3
 Stab: Distracted        |       |     1 ||     1
  Eat: Chunk             |     4 |     9 ||    13
Armor: Robe              |    17 |    21 ||    38
Dodge: Dodged            |    47 |    54 ||   101
